 Dungeon Crawl Stone Soup version 0.24-a0-115-gd155597 (console) character file.

Game seed: 3686280942821936329

1012 Duffy the Cleaver (level 8, -1/70 HPs)
             Began as a Naga Gladiator on Feb 17, 2019.
             Slain by a bullfrog (6 damage)
             ... on level 5 of the Dungeon.
             The game lasted 00:05:20 (7158 turns).

Duffy the Cleaver (Naga Gladiator)                  Turns: 7158, Time: 00:05:21

Health: -1/70      AC:  7    Str: 18    XL:     8   Next: 21%
Magic:  8/8        EV:  9    Int: 10    God:
Gold:   256        SH:  0    Dex: 12    Spells: 7/7 levels left

rFire    . . .     SeeInvis +   a - +0 war axe
rCold    . . .     Gourm    .   (no shield)
rNeg     . . .     Faith    .   r - +0 scale mail
rPois    +         Spirit   .   c - +0 helmet
rElec    .         Reflect  .   n - +0 cloak
rCorr    .         Harm     .   (no gloves)
MR       +....                  (no barding)
Stlth    ..........             (no amulet)
HPRegen  0.21/turn              (no ring)
MPRegen  0.11/turn              (no ring)

@: very slow
A: large, see invisible, deformed body, poison resistance, slowness 2, slow
metabolism 1, spit poison 1, AC +2
a: Spit Poison


You were on level 5 of the Dungeon.
You were near starving.

You visited 2 branches of the dungeon, and saw 7 of its levels.

You collected 256 gold pieces.

Inventory:

Hand Weapons
 a - a +0 war axe (weapon)
Missiles
 d - 4 throwing nets (quivered)
Armour
 c - a +0 helmet (worn)
 n - a +0 cloak (worn)
 r - a +0 scale mail (worn)
Jewellery
 t - an uncursed ring of ice
Wands
 u - a wand of digging (5)
Scrolls
 h - 2 scrolls of enchant weapon {unknown}
 i - a scroll of magic mapping {unknown}
 j - 3 scrolls of enchant armour {unknown}
 l - 2 scrolls of amnesia {unknown}
 o - 2 scrolls of blinking {unknown}
 p - 4 scrolls of remove curse
 q - 2 scrolls of teleportation {unknown}
Potions
 b - a potion of lignification
 e - 5 potions of curing
 k - a potion of flight
 m - a potion of magic
Comestibles
 f - 8 rations


   Skills:
 + Level 3.6 Fighting
 + Level 8.7 Axes
 - Level 1.7 Throwing
 + Level 3.6 Dodging


You had 7 spell levels left.
You didn't know any spells.
Your spell library was empty.

Dungeon Overview and Level Annotations

Branches:
Dungeon (6/15)             Temple (1/1) D:5

Altars:
Ashenzari
Dithmenos
Hepliaklqana
Kikubaaqudgha
Makhleb
Nemelex Xobeh
Qazlal
Ru
Sif Muna
Trog
Uskayaw
Vehumet
Wu Jian
Xom
Yredelemnul
Lugonu


Innate Abilities, Weirdness & Mutations

You cannot wear boots.
Your serpentine skin is tough. (AC +2)
You have supernaturally acute eyesight. (SInv)
Armour fits poorly on your strangely shaped body.
Your system is resistant to poisons. (rPois)
You cover ground very slowly.
You have a slow metabolism.
You can spit poison.


Message History

The bullfrog is lightly wounded.
You have got your breath back.
The bullfrog barely misses you.
Your scale mail prevents you from hitting the bullfrog.
The bullfrog is lightly wounded.
The bullfrog barely misses you. The bullfrog hits you.
You closely miss the bullfrog.
The bullfrog is lightly wounded.
The bullfrog barely misses you.
You slash the bullfrog!
The bullfrog is heavily wounded.
The bullfrog barely misses you.
The bullfrog hits you but does no damage.
You barely miss the bullfrog.
The bullfrog is heavily wounded.
The bullfrog hits you but does no damage.
You closely miss the bullfrog.
The bullfrog is heavily wounded.
The bullfrog hits you.
You die...

# #.#..........### #
#.#............#
####.#..........#.#
................#.#
####.#####.######.#
#.# #.# #.# ####.#
#.######.#
...#.#####[....##F#
.................@#
...#.####..###..###
..(#.# #..#_#..#
...#.# #..#'#..#
...#.# #...!..######
####.#####..........#
#..........########.#
..##.####### #.#
..##.# ######## #.#


You could see a bullfrog.

Vanquished Creatures
  An ogre (D:4)
  2 centaurs
  2 scorpions
  A crimson imp (D:5)
  A bullfrog zombie (D:6)
  2 hounds
  4 orc wizards
  3 iguanas
  Ijyb (D:5)
  3 worker ants
  A hound skeleton (D:5)
  A howler monkey zombie (D:5)
  4 gnolls
  9 adders
  A worm (D:3)
  2 dart slugs
  3 leopard geckos
  17 orcs
  4 giant cockroaches
  12 goblins
  7 hobgoblins
  5 jackals
  6 kobolds
  2 quokkas
  3 ball pythons
  7 bats
  7 frilled lizards
  A leopard gecko skeleton (D:4)
  12 rats
  2 rat zombies (D:4)
126 creatures vanquished.

Notes
Turn   | Place    | Note
-------+----------+-------------------------------------------
     0 | D:1      | Duffy the Naga Gladiator began the quest for the Orb.
     0 | D:1      | Reached XP level 1. HP: 19/19 MP: 1/1
   330 | D:1      | Reached XP level 2. HP: 24/26 MP: 2/2
   387 | D:1      | Reached skill level 4 in Axes
   411 | D:1      | Reached XP level 3. HP: 14/32 MP: 3/3
  1312 | D:2      | Found a shattered altar of Ashenzari.
  1660 | D:2      | Reached XP level 4. HP: 39/39 MP: 4/4
  1899 | D:2      | Reached skill level 5 in Axes
  2246 | D:2      | Found a shadowy altar of Dithmenos.
  2430 | D:3      | Found a shimmering altar of Xom.
  2543 | D:3      | Reached XP level 5. HP: 34/45 MP: 5/5
  2945 | D:2      | Reached skill level 6 in Axes
  3179 | D:3      | Found a hazy altar of Hepliaklqana.
  3467 | D:3      | Noticed a centaur
  3478 | D:3      | Killed a centaur
  3478 | D:3      | Reached XP level 6. HP: 9/52 MP: 6/6
  4224 | D:4      | Reached skill level 7 in Axes
  4301 | D:4      | Found a hide-covered altar of Uskayaw.
  4554 | D:4      | Found an ancient bone altar of Kikubaaqudgha.
  4629 | D:4      | Found a deep blue altar of Sif Muna.
  4630 | D:4      | Reached XP level 7. HP: 60/60 MP: 7/7
  4668 | D:4      | Reached skill level 8 in Axes
  4931 | D:5      | Entered Level 5 of the Dungeon
  5702 | D:5      | Found a staircase to the Ecumenical Temple.
  5711 | Temple   | Entered the Ecumenical Temple
  6131 | D:5      | HP: 1/62 [centaur (6)]
  6132 | D:5      | Reached XP level 8. HP: 2/69 MP: 8/8
  6477 | D:5      | Noticed Ijyb
  6486 | D:5      | Killed Ijyb
  6632 | D:5      | Found a stormy altar of Qazlal.
  7158 | D:5      | Slain by a bullfrog

Levels and vault maps discovered:
D:1:      dpeg_arrival_ratfight, layout_basic
D:2:      layout_rooms, nicolae_dithmenos_through_a_glass_darkly,
          evilmike_ruin_ashenzari, first_ration, grunt_ministairs_2
D:3:      layout_basic, lemuel_crystal_altar, tgw_xom
D:4:      layout_cave_pools, lemuel_round_altar,
          lemuel_zombie_altar_kikubaaqudgha, led_sif_pool
D:5:      layout_basic, kennysheep_mini_moat, temple_statues, uniq_ijyb
D:6:      layout_gridville, grunt_gozag_statues
Temple:   corrupted_temple

Skill      XL: |  1  2  3  4  5  6  7 |
---------------+----------------------+-----
Axes           | 4 5 6 7 8 |  8.7
Dodging        | 3 |  3.6
Fighting       | 3 |  3.6
Throwing       | |  1.7

Action                   |  1- 3 |  4- 6 |  7- 9 || total
-------------------------+-------+-------+-------++-------
Melee: War axe           |    99 |   164 |   115 ||   378
 Abil: Spit Poison       |     3 |    21 |    14 ||    38
  Use: Scroll            |     2 |     2 |     3 ||     7
 Stab: Distracted        |     1 |       |       ||     1
       Sleeping          |     2 |       |       ||     2
  Eat: Chunk             |     2 |     8 |     2 ||    12
       Ration            |       |       |     1 ||     1
Armor: Leather armour    |    32 |    51 |       ||    83
       Scale mail        |       |    13 |    60 ||    73
Dodge: Dodged            |    67 |   131 |    54 ||   252

Table legend:
 A = Non-vault XP
 B = Vault XP
 C = Vault XP percentage of total XP
 D = Non-vault monster count
 E = Vault monster count
 F = Vault count percentage of total count
                 A         B        C        D         E       F
            +---------+---------+-------+---------+---------+-------
      Total |    1391 |      55 |   3.8 |     109 |      17 |  13.5
            +---------+---------+-------+---------+---------+-------
        D:1 |      46 |       5 |   9.8 |      20 |       5 |  20.0
        D:2 |     121 |       3 |   2.4 |      28 |       2 |   6.7
        D:3 |     241 |      12 |   4.7 |      24 |       7 |  22.6
        D:4 |     430 |       2 |   0.5 |      18 |       2 |  10.0
        D:5 |     441 |      33 |   7.0 |      17 |       1 |   5.6
        D:6 |     112 |       0 |   0.0 |       2 |       0 |   0.0
            +---------+---------+-------+---------+---------+-------
